[ AOE2 MATCH · #495717551 ]
UnrankedSicilians vs Khmer
Player's team · WIN
Rival team · LOSS
[ REPLAY ANALYSIS · EXTRACTED FROM THE RECORDED GAME ]
Feudal
10:36
Castle
15:56
Imperial
—
| APM avg | 22.7 |
| APM peak | 48 |
| eAPM avg | 11.8 |
| Villagers / military | 31 / 2 |
Focus
⚔️ 16.5% · 🌾 83.5%
Serjeant ×2 · Unknown (1105) ×1
Feudal
11:30
Castle
14:21
Imperial
—
| APM avg | 47.2 |
| APM peak | 85 |
| eAPM avg | 22.1 |
| Villagers / military | 50 / 3 |
Focus
⚔️ 16.1% · 🌾 83.9%
Knight ×2 · Scout Cavalry ×1
Match map
Initial resources + every placement click. Lines = walls · curves = elevation contours. ◆ gold · ⬟ stone · ● berries · ✦ relic · ◌ wall gap
Your base· ✓ Closed at 15:56 · 0t walls · 2 gate(s)
KlausurenSohn's base· ✓ Closed at 14:21 · 0t walls · 3 gate(s)
Smoothed initial terrain · ◌ = detected wall gap · hover for details
Inputs per minute
— ^^JOPE^^ - - KlausurenSohn
Build order — ^^JOPE^^
62 actions detected in the replay
| 0:01 | Queue | Villager (Male) |
| 0:01 | Queue | Villager (Male) |
| 0:02 | Queue | Villager (Male) |
| 0:02 | Queue | Villager (Male) |
| 0:04 | Build | House |
| 0:05 | Build | House |
| 1:37 | Queue | Villager (Male) |
| 2:02 | Queue | Villager (Male) |
| 2:32 | Queue | Villager (Male) |
| 2:32 | Queue | Villager (Male) |
| 3:10 | Queue | Villager (Male) |
| 3:43 | Queue | Villager (Male) |
| 4:01 | Build | Lumber Camp |
| 4:03 | Queue | Villager (Male) |
| 4:19 | Build | House |
| 4:23 | Queue | Villager (Male) |
| 4:30 | Queue | Villager (Male) |
| 4:42 | Queue | Villager (Male) |
| 4:46 | Queue | Villager (Male) |
| 4:54 | Build | House |
| 5:22 | Queue | Villager (Male) |
| 5:36 | Queue | Villager (Male) |
| 6:19 | Queue | Villager (Male) |
| 6:48 | Build | Mill |
| 7:27 | Queue | Villager (Male) |
| 7:31 | Queue | Villager (Male) |
| 7:45 | Build | Mining Camp |
| 8:25 | Research | Feudal Age |
| 8:26 | Research | Loom |
| 9:05 | Build | Mill |
| 10:07 | Build | House |
| 10:24 | Queue | Villager (Male) |
| 10:36 | Age | Feudal Age |
| 11:46 | Queue | Villager (Male) |
| 12:16 | Build | Market |
| 12:18 | Build | Blacksmith |
| 12:42 | Queue | Villager (Male) |
| 13:12 | Build | House |
| 13:16 | Research | Castle Age |
| 13:16 | Research | Castle Age |
| 15:46 | Research | Fletching |
| 15:54 | Queue | Villager (Male) |
| 15:56 | Age | Castle Age |
| 16:01 | Build | Siege Workshop |
| 16:21 | Research | Town Watch |
| 16:35 | Queue | Unit 1105 |
| 16:41 | Queue | Villager (Male) |
| 16:44 | Queue | Villager (Male) |
| 16:51 | Research | Double-Bit Axe |
| 17:39 | Queue | Villager (Male) |
| 18:23 | Build | Castle |
| 18:42 | Build | House |
| 18:51 | Build | House |
| 19:18 | Build | Palisade Wall |
| 19:33 | Build | University |
| 19:34 | Queue | Villager (Male) |
| 19:35 | Queue | Villager (Male) |
| 19:54 | Queue | Serjeant |
| 19:54 | Queue | Serjeant |
| 20:51 | Research | Murder Holes |
| 21:29 | Queue | Villager (Male) |
| 21:30 | Queue | Villager (Male) |
Build order — KlausurenSohn
97 actions detected in the replay
| 0:01 | Queue | Villager (Male) |
| 0:01 | Queue | Villager (Male) |
| 0:02 | Build | House |
| 0:03 | Queue | Villager (Male) |
| 0:03 | Queue | Villager (Male) |
| 0:04 | Build | House |
| 1:25 | Queue | Villager (Male) |
| 1:49 | Build | Lumber Camp |
| 1:54 | Queue | Villager (Male) |
| 2:18 | Queue | Villager (Male) |
| 2:40 | Queue | Villager (Male) |
| 2:40 | Queue | Villager (Male) |
| 3:06 | Build | House |
| 3:08 | Build | House |
| 3:22 | Queue | Villager (Male) |
| 3:51 | Queue | Villager (Male) |
| 3:51 | Queue | Villager (Male) |
| 4:06 | Queue | Villager (Male) |
| 4:44 | Queue | Villager (Male) |
| 4:45 | Queue | Villager (Male) |
| 4:45 | Queue | Villager (Male) |
| 5:11 | Queue | Villager (Male) |
| 5:52 | Queue | Villager (Male) |
| 5:53 | Queue | Villager (Male) |
| 6:24 | Queue | Villager (Male) |
| 6:48 | Build | Farm |
| 6:54 | Build | Farm |
| 6:59 | Research | Loom |
| 7:01 | Queue | Villager (Male) |
| 7:01 | Queue | Villager (Male) |
| 7:01 | Queue | Villager (Male) |
| 7:16 | Build | House |
| 7:21 | Build | Farm |
| 7:25 | Build | Farm |
| 7:53 | Build | Mill |
| 8:03 | Queue | Villager (Male) |
| 8:18 | Queue | Villager (Male) |
| 8:28 | Build | Farm |
| 8:49 | Build | Mining Camp |
| 8:53 | Research | Feudal Age |
| 9:11 | Build | Farm |
| 9:47 | Build | Farm |
| 10:14 | Build | Farm |
| 10:56 | Build | Farm |
| 11:30 | Age | Feudal Age |
| 11:41 | Research | Castle Age |
| 11:51 | Build | Stable |
| 12:36 | Build | House |
| 12:44 | Build | Farm |
| 12:55 | Queue | Scout Cavalry |
| 13:25 | Research | Double-Bit Axe |
| 13:25 | Research | Double-Bit Axe |
| 14:09 | Research | Horse Collar |
| 14:16 | Queue | Villager (Male) |
| 14:16 | Queue | Villager (Male) |
| 14:21 | Age | Castle Age |
| 14:25 | Build | Town Center |
| 15:09 | Queue | Villager (Male) |
| 15:09 | Queue | Villager (Male) |
| 15:19 | Research | Bow Saw |
| 15:19 | Queue | Villager (Male) |
| 15:20 | Queue | Villager (Male) |
| 15:21 | Queue | Villager (Male) |
| 15:45 | Build | Farm |
| 15:47 | Queue | Villager (Male) |
| 15:47 | Queue | Villager (Male) |
| 15:51 | Build | Farm |
| 15:59 | Build | Farm |
| 16:00 | Queue | Villager (Male) |
| 16:10 | Build | House |
| 16:12 | Build | House |
| 16:17 | Queue | Villager (Male) |
| 16:18 | Queue | Villager (Male) |
| 16:20 | Build | Farm |
| 16:43 | Queue | Villager (Male) |
| 16:43 | Queue | Villager (Male) |
| 17:15 | Queue | Villager (Male) |
| 17:16 | Queue | Villager (Male) |
| 17:29 | Build | House |
| 17:39 | Build | Town Center |
| 17:43 | Queue | Villager (Male) |
| 17:46 | Build | Farm |
| 17:49 | Build | Farm |
| 17:51 | Queue | Villager (Male) |
| 17:52 | Queue | Villager (Male) |
| 17:59 | Research | Loom |
| 18:23 | Queue | Villager (Male) |
| 18:23 | Queue | Villager (Male) |
| 18:45 | Queue | Villager (Male) |
| 19:34 | Queue | Villager (Male) |
| 19:34 | Queue | Villager (Male) |
| 19:57 | Build | Farm |
| 20:00 | Build | Farm |
| 20:06 | Build | Farm |
| 20:41 | Queue | Knight |
| 21:08 | Queue | Knight |
| 21:31 | Queue | Villager (Male) |
Match timeline
| 10:36 | ^^JOPE^^ · age_up feudal |
| 11:30 | KlausurenSohn · age_up feudal |
| 11:51 | KlausurenSohn · first_building Stable |
| 14:21 | KlausurenSohn · age_up castle |
| 14:47 | ^^JOPE^^ · first_market_sell 100 stone |
| 15:56 | ^^JOPE^^ · age_up castle |
| 16:01 | ^^JOPE^^ · first_building Siege Workshop |
| 18:23 | ^^JOPE^^ · first_building Castle |
| 19:18 | ^^JOPE^^ · wall_segment Palisade Wall x1 |
| 20:47 | ^^JOPE^^ · first_market_buy 100 food |
| 22:22 | KlausurenSohn · resign |
[ AI ANALYSIS · 1 CREDIT ]
What really happened in this match?
Wolo.gg analyzes every decision: build order, eco, micro, common mistakes by bracket. Personalized analysis on WhatsApp or Discord in 30 seconds.
Civ guide
Sicilians
Perfil
Jugador #1555100